Tamiflu vs Wolves
Created - 16 janvier 2015 at 19:19
Goals
|
| Tamiflu |
1 |
3 |
2 |
6 |
| Wolves |
0 |
1 |
1 |
2 |
|
Shots
|
| Tamiflu |
5 |
15 |
18 |
38 |
| Wolves |
13 |
8 |
10 |
31 |
|
1st period
1. Tamiflu , Alex Picard 36 (Nate Thompson) at 17:24 (PP)
Penalties :
Mike Sislo (Min) for Hooking (Minor) at 12:40, Jonas Junland (Min) for Hooking (Minor) at 17:23
2nd period
2. Tamiflu , Petr Pohl 21 (Greg Mauldin, Jonathan Sigalet) at 9:59 (PP)
3. Tamiflu , Carson Mcmillan 16 (Nate Thompson, Alex Picard) at 12:32 (PP)
4. Tamiflu , Nate Thompson 27 (Alex Picard) at 13:50 (PP)
5. Wolves , Bruno Gervais 4 (Mike Sislo, Milan Bartovic) at 16:34 (PP)
Penalties :
Mike Sislo (Min) for Hooking (Minor) at 0:09, Dmitry Kulikov (Min) for Hooking (Minor) at 8:31, Geoff Paukovich (Min) for Tripping (Minor) at 12:24, Marc-André Gragnani (Min) for Hooking (Minor) at 13:38, Petr Pohl (Det) for Hooking (Minor) at 16:23
3rd period
6. Wolves , Nathan Davis 21 (Jonathan Rheault) at 9:50
7. Tamiflu , Jonathan Sigalet 4 (Petr Pohl, Mike McKenna) at 13:16
8. Tamiflu , Mike Duco 19 (Jonathan Sigalet, Garrett Wilson) at 15:50
Penalties :
Marc Methot (Min) for Hooking (Minor) at 2:02, Petr Pohl (Det) for Hooking (Minor) at 7:31
Goalie Stats
Mike McKenna (Det), 29 saves from 31 shots - (0,935), W, 17-11-2, 60:00 minutes
Jamie Storr (Min), 20 saves from 22 shots - (0,909), 26:10 minutes
Loïc Lacasse (Min), 12 saves from 16 shots - (0,750), L, 0-2-1, 33:50 minutes
Players Stats for Tamiflu
Player Name G A P +/- PIM S H SB GA TA FO MP PP MP PK MP
------------------------------------------------------------------------------------
Adam Henrique 0 0 0 1 0 3 0 0 0 0 4/8 13:08 0:10 0:00
Alex Picard 1 2 3 1 0 5 2 0 1 1 1/2 23:44 4:22 0:57
Ben Hanowski 0 0 0 0 0 0 0 0 0 0 0/0 0:26 0:00 0:00
Carson Mcmillan 1 0 1 1 0 2 1 1 0 0 1/3 22:49 4:22 0:18
Casey Wellman 0 0 0 0 0 0 1 0 0 0 0/1 5:46 0:00 0:00
Garrett Wilson 0 1 1 1 0 0 0 0 0 0 0/0 13:32 0:00 0:55
Greg Mauldin 0 1 1 -1 0 4 1 0 0 0 10/21 17:55 3:24 0:25
Johan Fransson 0 0 0 0 0 3 0 0 0 2 0/0 21:43 2:56 1:08
Jonathan Sigalet 1 2 3 2 0 3 1 1 0 1 0/0 28:19 4:50 1:02
Jordan Hendry 0 0 0 2 0 2 4 2 0 2 0/0 28:19 4:50 1:02
Justin Braun 0 0 0 -1 0 0 0 0 0 0 0/0 10:30 0:00 0:00
Kyle Lawson 0 0 0 0 0 2 0 3 0 0 0/0 21:10 2:56 1:08
Mattias Tedenby 0 0 0 0 0 0 1 0 0 0 0/1 6:28 0:00 0:48
Mike Duco 1 0 1 1 0 5 5 0 0 0 0/0 12:17 0:00 0:00
Nate Thompson 1 2 3 1 0 7 2 2 1 0 18/40 26:28 4:12 0:57
Petr Pohl 1 1 2 -1 4 2 0 0 1 1 0/0 17:37 3:24 0:00
Rich Clune 0 0 0 -1 0 0 1 0 0 0 0/1 17:28 3:24 0:00
Stefan Elliott 0 0 0 -1 0 0 0 0 0 0 0/0 10:08 0:00 0:00
Players Stats for Wolves
Player Name G A P +/- PIM S H SB GA TA FO MP PP MP PK MP
------------------------------------------------------------------------------------
Bruno Gervais 1 0 1 0 0 5 2 0 2 1 0/0 27:55 1:30 5:24
Carl Klingberg 0 0 0 -1 0 0 1 0 2 0 0/0 8:12 0:00 0:47
Chris Terry 0 0 0 1 0 1 0 0 0 0 0/0 10:59 0:00 0:00
Dan Fritsche 0 0 0 -1 0 1 4 0 0 1 10/20 17:25 0:58 2:10
Dmitry Kulikov 0 0 0 0 2 0 1 1 1 0 0/0 22:07 1:02 0:06
Geoff Paukovich 0 0 0 -1 2 2 1 0 0 0 0/0 15:05 0:58 0:00
James Marcou 0 0 0 0 0 0 0 0 0 0 0/0 0:00 0:00 0:00
Johan Ryno 0 0 0 -1 0 2 2 1 0 0 1/2 7:18 0:00 0:00
Jonas Junland 0 0 0 0 2 1 0 0 0 0 0/0 10:30 0:00 2:14
Jonathan Rheault 0 1 1 1 0 0 0 0 0 0 0/0 11:05 0:03 0:00
Kevin Veilleux 0 0 0 -1 0 1 0 0 0 0 1/2 8:12 0:00 0:47
Maksim Mayorov 0 0 0 0 0 0 0 0 0 0 0/0 0:00 0:00 0:00
Marc Methot 0 0 0 0 2 2 1 7 0 0 0/0 17:44 1:08 1:33
Marc-André Gragnani 0 0 0 -1 2 0 0 1 0 1 0/0 7:23 0:03 0:49
Mark Fayne 0 0 0 -1 0 0 0 0 0 0 0/0 5:41 0:00 0:00
Matt Gilroy 0 0 0 0 0 2 1 0 1 0 0/0 18:04 0:37 2:29
Mike Sislo 0 1 1 0 4 1 3 0 0 0 0/0 18:37 1:09 0:00
Mike Zigomanis 0 0 0 0 0 3 1 1 0 0 25/44 23:24 1:12 4:49
Milan Bartovic 0 1 1 0 0 5 1 0 1 0 1/3 23:24 1:12 4:49
Nathan Davis 1 0 1 1 0 3 0 1 0 0 5/6 13:18 0:00 2:10
Petr Kalus 0 0 0 0 0 0 0 0 0 0 0/0 0:00 0:00 0:00
Ryan Bourque 0 0 0 0 0 0 0 0 0 0 0/0 0:00 0:00 0:00
Stefan Chaput 0 0 0 0 0 0 0 0 0 0 0/0 0:00 0:00 0:00
Tim Crowder 0 0 0 -1 0 1 1 1 0 0 0/0 15:06 0:58 0:00
Willie Mitchell 0 0 0 0 0 1 0 0 0 0 0/0 10:38 0:00 2:57
3 Stars
1 - Jonathan Sigalet (Det)
2 - Nate Thompson (Det)
3 - Alex Picard (Det)
Power Play
Tamiflu - 4 on 7 Attempt(s) - 57,14%
Wolves - 1 on 3 Attempt(s) - 33,33%
Penalty Kill
Tamiflu - 2 on 3 Attempt(s) - 66,67%
- Score 0 goal in Penalty Kill
Wolves - 3 on 7 Attempt(s) - 42,86%
- Score 0 goal in Penalty Kill
Team Stat
Tamiflu - Hits : 19 - Faceoff Wins : 34 - Blocked Shots : 9 - Penalty Minutes : 4
Wolves - Hits : 19 - Faceoff Wins : 43 - Blocked Shots : 13 - Penalty Minutes : 14
Official
Referees : Hebert Ghislain and Pollock Kevin
Linesman : Dan Schachte and Shane Heyer
Game Notes
16:55 of 1st period - Penalty Shot by Mattias Tedenby for Tamiflu - Stopped by Loïc Lacasse
Willie Mitchell is injured at 6:25 of 2nd period (Sprained Left Knee)
Jamie Storr enters game at 13:50 of 2nd period
Finance
Level 1 -- Attendance: 1385 (69,25%) -- Ticket Income 48 475 $
Level 2 -- Attendance: 759 (75,90%) -- Ticket Income 11 385 $
Total Attendance: 2144 (71,47%)
Total Ticket Income: 59 860 $
Other Income: 2 993 $
Total Income: 62 853 $
Tamiflu
5 vs 5 Forward
Center Left Wing Right Wing Time % Phy DF OF
1 Nate Thompson Alex Picard Carson Mcmillan 40 1 2 2
2 Greg Mauldin Rich Clune Petr Pohl 30 1 2 2
3 Adam Henrique Garrett Wilson Mike Duco 20 1 2 2
4 Casey Wellman Nate Thompson Mattias Tedenby 10 1 2 2
5 vs 5 Defense
Defense Defense Time % Phy DF OF
1 Jonathan Sigalet Jordan Hendry 40 1 2 2
2 Johan Fransson Kyle Lawson 30 1 2 2
3 Justin Braun Stefan Elliott 20 1 2 2
4 Jonathan Sigalet Jordan Hendry 10 1 2 2
PowerPlay Forward
Center Left Wing Right Wing Time % Phy DF OF
1 Nate Thompson Alex Picard Carson Mcmillan 60 1 2 2
2 Greg Mauldin Rich Clune Petr Pohl 40 1 2 2
PowerPlay Defense
Defense Defense Time % Phy DF OF
1 Jonathan Sigalet Jordan Hendry 60 1 2 2
2 Johan Fransson Kyle Lawson 40 1 2 2
Penalty Kill 4 Players Forward
Center Wing Time % Phy DF OF
1 Nate Thompson Alex Picard 60 1 2 2
2 Greg Mauldin Carson Mcmillan 40 1 2 2
Penalty Kill 4 Players Defense
Defense Defense Time % Phy DF OF
1 Jonathan Sigalet Jordan Hendry 60 1 2 2
2 Johan Fransson Kyle Lawson 40 1 2 2
Penalty Kill - 3 Players Forward
Forward Time % Phy DF OF
1 Nate Thompson 60 1 2 2
2 Alex Picard 40 1 2 2
Penalty Kill - 3 Players Defense
Defense Defense Time % Phy DF OF
1 Jonathan Sigalet Jordan Hendry 60 1 2 2
2 Johan Fransson Kyle Lawson 40 1 2 2
4 vs 4 Forward
Center Wing Time % Phy DF OF
1 Nate Thompson Alex Picard 60 1 2 2
2 Greg Mauldin Carson Mcmillan 40 1 2 2
4 vs 4 Defense
Defense Defense Time % Phy DF OF
1 Jonathan Sigalet Jordan Hendry 60 1 2 2
2 Johan Fransson Kyle Lawson 40 1 2 2
Last Minutes Offensive
Center Left Wing Right Wing Defense Defense
Nate Thompson Alex Picard Carson Mcmillan Jonathan Sigalet Jordan Hendry
Last Minutes Defensive
Center Left Wing Right Wing Defense Defense
Nate Thompson Alex Picard Carson Mcmillan Jonathan Sigalet Jordan Hendry
Goaltenders
Starting : Mike McKenna
Backup : Thomas Greiss
Extra Forwards
Normal : Adam Henrique, Mike Duco, Mattias Tedenby - PP : Adam Henrique, Mike Duco - PK : Mattias Tedenby
Extra Defensemen
Normal : Justin Braun, Stefan Elliott, Johan Fransson - PP : Justin Braun - PK : Stefan Elliott, Johan Fransson
Penalty Shots
Nate Thompson, Alex Picard, Greg Mauldin, Carson Mcmillan, Petr Pohl
Wolves
5 vs 5 Forward
Center Left Wing Right Wing Time % Phy DF OF
1 Mike Zigomanis Mike Sislo Milan Bartovic 40 1 2 2
2 Dan Fritsche Geoff Paukovich Tim Crowder 30 1 2 2
3 Nathan Davis Chris Terry Jonathan Rheault 20 1 2 2
4 Kevin Veilleux Carl Klingberg Johan Ryno 10 1 2 2
5 vs 5 Defense
Defense Defense Time % Phy DF OF
1 Willie Mitchell Bruno Gervais 40 1 2 2
2 Matt Gilroy Marc Methot 30 1 2 2
3 Dmitry Kulikov Jonas Junland 20 1 2 2
4 Marc-André Gragnani Mark Fayne 10 1 2 2
PowerPlay Forward
Center Left Wing Right Wing Time % Phy DF OF
1 Mike Zigomanis Mike Sislo Milan Bartovic 60 1 2 2
2 Dan Fritsche Geoff Paukovich Tim Crowder 40 1 2 2
PowerPlay Defense
Defense Defense Time % Phy DF OF
1 Willie Mitchell Bruno Gervais 60 1 2 2
2 Matt Gilroy Marc Methot 40 1 2 2
Penalty Kill 4 Players Forward
Center Wing Time % Phy DF OF
1 Mike Zigomanis Milan Bartovic 60 1 2 2
2 Dan Fritsche Nathan Davis 40 1 2 2
Penalty Kill 4 Players Defense
Defense Defense Time % Phy DF OF
1 Willie Mitchell Bruno Gervais 60 1 2 2
2 Matt Gilroy Marc Methot 40 1 2 2
Penalty Kill - 3 Players Forward
Forward Time % Phy DF OF
1 Mike Zigomanis 60 1 2 2
2 Milan Bartovic 40 1 2 2
Penalty Kill - 3 Players Defense
Defense Defense Time % Phy DF OF
1 Willie Mitchell Bruno Gervais 60 1 2 2
2 Matt Gilroy Marc Methot 40 1 2 2
4 vs 4 Forward
Center Wing Time % Phy DF OF
1 Mike Zigomanis Milan Bartovic 60 1 2 2
2 Dan Fritsche Nathan Davis 40 1 2 2
4 vs 4 Defense
Defense Defense Time % Phy DF OF
1 Willie Mitchell Bruno Gervais 60 1 2 2
2 Matt Gilroy Marc Methot 40 1 2 2
Last Minutes Offensive
Center Left Wing Right Wing Defense Defense
Mike Zigomanis Mike Sislo Milan Bartovic Willie Mitchell Bruno Gervais
Last Minutes Defensive
Center Left Wing Right Wing Defense Defense
Mike Zigomanis Mike Sislo Milan Bartovic Willie Mitchell Bruno Gervais
Goaltenders
Starting : Loïc Lacasse
Backup : Jamie Storr
Extra Forwards
Normal : Jonathan Rheault, Johan Ryno, Kevin Veilleux - PP : Jonathan Rheault, Johan Ryno - PK : Kevin Veilleux
Extra Defensemen
Normal : Dmitry Kulikov, Jonas Junland, Marc-André Gragnani - PP : Dmitry Kulikov - PK : Jonas Junland, Marc-André Gragnani
Penalty Shots
Mike Zigomanis, Milan Bartovic, Dan Fritsche, Nathan Davis, Mike Sislo
% Time on Ice - Tamiflu
Lines # - Real PCT - Wanted PCT - Time Play
Normal Forward
1 - 37% - 40% - 18:23
2 - 28% - 30% - 14:01
3 - 24% - 20% - 12:05
4 - 11% - 10% - 5:35
Normal Defense
1 - 41% - 40% - 20:20
2 - 34% - 30% - 17:06
3 - 21% - 20% - 10:31
4 - 4% - 10% - 2:07
PP Forward
1 - 56% - 60% - 4:22
2 - 44% - 40% - 3:24
PP Defense
1 - 62% - 60% - 4:50
2 - 38% - 40% - 2:56
PK Forward
1 - 86% - 60% - 1:52
2 - 14% - 40% - 0:18
PK Defense
1 - 48% - 60% - 1:02
2 - 52% - 40% - 1:08
PK3 Forward
1 - 0% - 60%
2 - 0% - 40%
PK3 Defense
1 - 0% - 60%
2 - 0% - 40%
44 Forward
1 - 0% - 60%
2 - 0% - 40%
44 Defense
1 - 0% - 60%
2 - 0% - 40%
Last Minute Offensive - 0:00
Last Minute Defensive - 0:00
Total
Forward - 60:00
Defense - 60:00
|
% Time on Ice - Wolves
Lines # - Real PCT - Wanted PCT - Time Play
Normal Forward
1 - 35% - 40% - 17:30
2 - 29% - 30% - 14:17
3 - 22% - 20% - 10:59
4 - 15% - 10% - 7:18
Normal Defense
1 - 42% - 40% - 21:08
2 - 30% - 30% - 14:58
3 - 17% - 20% - 8:17
4 - 11% - 10% - 5:41
PP Forward
1 - 55% - 60% - 1:12
2 - 45% - 40% - 0:58
PP Defense
1 - 72% - 60% - 1:33
2 - 28% - 40% - 0:37
PK Forward
1 - 72% - 60% - 5:36
2 - 28% - 40% - 2:10
PK Defense
1 - 68% - 60% - 5:17
2 - 32% - 40% - 2:29
PK3 Forward
1 - 0% - 60%
2 - 0% - 40%
PK3 Defense
1 - 0% - 60%
2 - 0% - 40%
44 Forward
1 - 0% - 60%
2 - 0% - 40%
44 Defense
1 - 0% - 60%
2 - 0% - 40%
Last Minute Offensive - 0:00
Last Minute Defensive - 0:00
Total
Forward - 60:00
Defense - 60:00
|
Play by Play
1st period
0:01 of 1st period - Mike Zigomanis wins face-off versus Nate Thompson in neutral zone.
0:22 of 1st period - Icing by Jordan Hendry.
0:23 of 1st period - Dan Fritsche wins face-off versus Rich Clune in Tamiflu zone.
0:50 of 1st period - Chris Terry is hit by Mike Duco and loses puck.
1:11 of 1st period - Slapshot by Matt Gilroy.
1:11 of 1st period - Shot Misses the Net.
1:13 of 1st period - Snap shot by Kevin Veilleux.
1:13 of 1st period - Shot Misses the Net.
1:15 of 1st period - Slapshot by Matt Gilroy.
1:15 of 1st period - Stopped by Mike McKenna with a rebound.
1:17 of 1st period - Snap shot by Matt Gilroy.
1:17 of 1st period - Stopped by Mike McKenna without a rebound.
1:18 of 1st period - Mike Zigomanis wins face-off versus Nate Thompson in Tamiflu zone.
1:19 of 1st period - Slapshot by Milan Bartovic.
1:19 of 1st period - Stopped by Mike McKenna with a rebound.
1:23 of 1st period - Wrist shot by Mike Zigomanis.
1:23 of 1st period - Shot Blocked by Nate Thompson.
1:25 of 1st period - Snap shot by Jonas Junland.
1:25 of 1st period - Stopped by Mike McKenna with a rebound.
1:27 of 1st period - Wrist shot by Milan Bartovic.
1:27 of 1st period - Stopped by Mike McKenna with a rebound.
2:03 of 1st period - Jonathan Rheault is hit by Mike Duco and loses puck.
2:34 of 1st period - Bruno Gervais is hit by Mike Duco and loses puck.
2:53 of 1st period - Slapshot by Nathan Davis.
2:53 of 1st period - Shot Blocked by Kyle Lawson.
4:03 of 1st period - Off-side.
4:04 of 1st period - Nate Thompson wins face-off versus Mike Zigomanis in neutral zone.
4:29 of 1st period - Jonathan Sigalet is hit by Geoff Paukovich and loses puck.
4:59 of 1st period - Slapshot by Jonathan Sigalet.
4:59 of 1st period - Shot Misses the Net.
5:09 of 1st period - Carson Mcmillan is hit by Marc Methot and loses puck.
7:25 of 1st period - Kevin Veilleux is hit by Mattias Tedenby and loses puck.
11:10 of 1st period - Icing by Carl Klingberg.
11:11 of 1st period - Greg Mauldin wins face-off versus Kevin Veilleux in Wolves zone.
11:24 of 1st period - Tim Crowder is hit by Jordan Hendry and loses puck.
11:56 of 1st period - Chris Terry is hit by Mike Duco and loses puck.
12:06 of 1st period - Snap shot by Nathan Davis.
12:06 of 1st period - Deflect By Chris Terry.
12:06 of 1st period - Stopped by Mike McKenna without a rebound.
12:07 of 1st period - Greg Mauldin wins face-off versus Dan Fritsche in Tamiflu zone.
12:16 of 1st period - Snap shot by Greg Mauldin.
12:16 of 1st period - Stopped by Loïc Lacasse with a rebound.
12:18 of 1st period - Slapshot by Kyle Lawson.
12:18 of 1st period - Stopped by Loïc Lacasse without a rebound.
12:19 of 1st period - Mike Zigomanis wins face-off versus Nate Thompson in Wolves zone.
12:40 of 1st period - Minor Penalty to Mike Sislo for Hooking.
12:41 of 1st period - Nate Thompson wins face-off versus Mike Zigomanis in Wolves zone.
12:50 of 1st period - Slapshot by Alex Picard.
12:50 of 1st period - Shot Misses the Net.
12:52 of 1st period - Slapshot by Jordan Hendry.
12:52 of 1st period - Stopped by Loïc Lacasse without a rebound.
12:53 of 1st period - Mike Zigomanis wins face-off versus Nate Thompson in Wolves zone.
12:53 of 1st period - Mike Zigomanis is hit by Alex Picard.
12:58 of 1st period - Off-side.
12:59 of 1st period - Mike Zigomanis wins face-off versus Nate Thompson in neutral zone.
13:04 of 1st period - Slapshot by Mike Zigomanis.
13:04 of 1st period - Stopped by Mike McKenna with a rebound.
13:12 of 1st period - Slapshot by Milan Bartovic.
13:12 of 1st period - Stopped by Mike McKenna with a rebound.
14:40 of 1st period - Penalty to Mike Sislo is over, Mike Sislo is back on ice.
14:56 of 1st period - Matt Gilroy is hit by Mike Duco.
15:10 of 1st period - Wrist shot by Mattias Tedenby.
15:10 of 1st period - Shot Blocked by Marc Methot.
15:12 of 1st period - Snap shot by Justin Braun.
15:12 of 1st period - Shot Blocked by Nathan Davis.
16:55 of 1st period - Penalty Shot by Mattias Tedenby for Tamiflu.
16:55 of 1st period - Snap shot by Mattias Tedenby.
16:55 of 1st period - Stopped by Loïc Lacasse.
16:56 of 1st period - Adam Henrique wins face-off versus Dan Fritsche in Tamiflu zone.
16:56 of 1st period - Adam Henrique is hit by Dmitry Kulikov.
17:07 of 1st period - Jordan Hendry is hit by Dan Fritsche and loses puck.
17:23 of 1st period - Minor Penalty to Jonas Junland for Hooking.
17:24 of 1st period - Nate Thompson wins face-off versus Mike Zigomanis in Wolves zone.
17:24 of 1st period - Snap shot by Alex Picard.
17:24 of 1st period - Goal by Alex Picard - Tamiflu : 1 - Wolves : 0.
17:25 of 1st period - Nate Thompson wins face-off versus Mike Zigomanis in neutral zone.
17:34 of 1st period - Snap shot by Alex Picard.
17:34 of 1st period - Shot Misses the Net.
17:36 of 1st period - Slapshot by Jonathan Sigalet.
17:36 of 1st period - Stopped by Loïc Lacasse without a rebound.
17:37 of 1st period - Mike Zigomanis wins face-off versus Nate Thompson in Wolves zone.
17:46 of 1st period - Snap shot by Milan Bartovic.
17:46 of 1st period - Stopped by Mike McKenna without a rebound.
17:47 of 1st period - Nate Thompson wins face-off versus Mike Zigomanis in Tamiflu zone.
18:10 of 1st period - Off-side.
18:11 of 1st period - Dan Fritsche wins face-off versus Greg Mauldin in neutral zone.
19:18 of 1st period - Wrist shot by Johan Ryno.
19:18 of 1st period - Stopped by Mike McKenna without a rebound.
19:19 of 1st period - Johan Ryno wins face-off versus Casey Wellman in Tamiflu zone.
19:24 of 1st period - Slapshot by Bruno Gervais.
19:24 of 1st period - Stopped by Mike McKenna without a rebound.
19:25 of 1st period - Mike Zigomanis wins face-off versus Nate Thompson in Tamiflu zone.
19:30 of 1st period - Wrist shot by Mike Zigomanis.
19:30 of 1st period - Shot Blocked by Nate Thompson.
19:32 of 1st period - Snap shot by Milan Bartovic.
19:32 of 1st period - Shot Blocked by Jonathan Sigalet.
19:34 of 1st period - Slapshot by Bruno Gervais.
19:34 of 1st period - Stopped by Mike McKenna with a rebound.
19:36 of 1st period - Snap shot by Mike Zigomanis.
19:36 of 1st period - Stopped by Mike McKenna without a rebound.
19:37 of 1st period - Mike Zigomanis wins face-off versus Nate Thompson in Tamiflu zone.
19:38 of 1st period - Snap shot by Milan Bartovic.
19:38 of 1st period - Shot Misses the Net.
Goals for this period are 1 for Tamiflu vs 0 for Wolves.
Shots for this period are 5 for Tamiflu vs 13 for Wolves.
2nd period
0:01 of 2nd period - Alex Picard wins face-off versus Milan Bartovic in neutral zone.
0:09 of 2nd period - Minor Penalty to Mike Sislo for Hooking.
0:10 of 2nd period - Nate Thompson wins face-off versus Mike Zigomanis in Wolves zone.
0:12 of 2nd period - Wrist shot by Nate Thompson.
0:12 of 2nd period - Stopped by Loïc Lacasse with a rebound.
0:14 of 2nd period - Snap shot by Alex Picard.
0:14 of 2nd period - Deflect By Nate Thompson.
0:14 of 2nd period - Shot Misses the Net.
0:14 of 2nd period - Puck is out of play.
0:15 of 2nd period - Milan Bartovic wins face-off versus Nate Thompson in Wolves zone.
0:47 of 2nd period - Wrist shot by Greg Mauldin.
0:47 of 2nd period - Shot Blocked by Mike Zigomanis.
0:49 of 2nd period - Backhand shot by Jonathan Sigalet.
0:49 of 2nd period - Shot Misses the Net.
0:51 of 2nd period - Wrist shot by Jonathan Sigalet.
0:51 of 2nd period - Shot Misses the Net.
1:09 of 2nd period - Snap shot by Dan Fritsche.
1:09 of 2nd period - Stopped by Mike McKenna with a rebound.
1:11 of 2nd period - Slapshot by Willie Mitchell.
1:11 of 2nd period - Stopped by Mike McKenna without a rebound.
1:12 of 2nd period - Dan Fritsche wins face-off versus Nate Thompson in Tamiflu zone.
1:35 of 2nd period - Matt Gilroy is hit by Greg Mauldin and loses puck.
2:09 of 2nd period - Penalty to Mike Sislo is over, Mike Sislo is back on ice.
3:27 of 2nd period - Nathan Davis is hit by Nate Thompson and loses puck.
4:08 of 2nd period - Off-side.
4:09 of 2nd period - Dan Fritsche wins face-off versus Greg Mauldin in neutral zone.
4:20 of 2nd period - Wrist shot by Greg Mauldin.
4:20 of 2nd period - Shot Blocked by Tim Crowder.
4:22 of 2nd period - Slapshot by Jordan Hendry.
4:22 of 2nd period - Stopped by Loïc Lacasse with a rebound.
5:02 of 2nd period - Snap shot by Milan Bartovic.
5:02 of 2nd period - Shot Misses the Net.
6:09 of 2nd period - Carson Mcmillan is hit by Milan Bartovic and loses puck.
6:24 of 2nd period - Willie Mitchell is hit by Casey Wellman and loses puck.
6:25 of 2nd period - Willie Mitchell from Wolves is injured at 6:25 of 2nd period (Sprained Left Knee).
6:26 of 2nd period - Mike Zigomanis wins face-off versus Carson Mcmillan in Wolves zone.
6:26 of 2nd period - Mike Zigomanis is hit by Carson Mcmillan.
7:40 of 2nd period - Icing by Mike Sislo.
7:41 of 2nd period - Mike Zigomanis wins face-off versus Nate Thompson in Wolves zone.
7:50 of 2nd period - Marc Methot is hit by Nate Thompson and loses puck.
8:14 of 2nd period - Slapshot by Johan Fransson.
8:14 of 2nd period - Shot Hit the Post.
8:31 of 2nd period - Minor Penalty to Dmitry Kulikov for Hooking.
8:32 of 2nd period - Mike Zigomanis wins face-off versus Greg Mauldin in Wolves zone.
8:58 of 2nd period - Mike Zigomanis is hit by Alex Picard and loses puck.
9:16 of 2nd period - Icing by Petr Pohl.
9:17 of 2nd period - Greg Mauldin wins face-off versus Dan Fritsche in Tamiflu zone.
9:30 of 2nd period - Johan Fransson is hit by Dan Fritsche and loses puck.
9:43 of 2nd period - Wrist shot by Greg Mauldin.
9:43 of 2nd period - Stopped by Loïc Lacasse without a rebound.
9:44 of 2nd period - Mike Zigomanis wins face-off versus Greg Mauldin in Wolves zone.
9:59 of 2nd period - Slapshot by Petr Pohl.
9:59 of 2nd period - Goal by Petr Pohl - Tamiflu : 2 - Wolves : 0.
10:00 of 2nd period - Nate Thompson wins face-off versus Mike Zigomanis in neutral zone.
10:34 of 2nd period - Backhand shot by Dan Fritsche.
10:34 of 2nd period - Shot Misses the Net.
10:50 of 2nd period - Slapshot by Mike Duco.
10:50 of 2nd period - Stopped by Loïc Lacasse without a rebound.
10:51 of 2nd period - Nathan Davis wins face-off versus Adam Henrique in Wolves zone.
11:02 of 2nd period - Slapshot by Nathan Davis.
11:02 of 2nd period - Stopped by Mike McKenna with a rebound.
11:29 of 2nd period - Snap shot by Geoff Paukovich.
11:29 of 2nd period - Shot Misses the Net.
11:39 of 2nd period - Garrett Wilson is hit by Carl Klingberg and loses puck.
12:10 of 2nd period - Wrist shot by Nate Thompson.
12:10 of 2nd period - Stopped by Loïc Lacasse without a rebound.
12:11 of 2nd period - Dan Fritsche wins face-off versus Nate Thompson in Wolves zone.
12:20 of 2nd period - Wrist shot by Alex Picard.
12:20 of 2nd period - Stopped by Loïc Lacasse without a rebound.
12:21 of 2nd period - Nate Thompson wins face-off versus Dan Fritsche in Wolves zone.
12:22 of 2nd period - Snap shot by Alex Picard.
12:22 of 2nd period - Stopped by Loïc Lacasse with a rebound.
12:24 of 2nd period - Minor Penalty to Geoff Paukovich for Tripping.
12:25 of 2nd period - Carson Mcmillan wins face-off versus Mike Zigomanis in Wolves zone.
12:30 of 2nd period - Snap shot by Nate Thompson.
12:30 of 2nd period - Stopped by Loïc Lacasse with a rebound.
12:32 of 2nd period - Snap shot by Carson Mcmillan.
12:32 of 2nd period - Goal by Carson Mcmillan - Tamiflu : 3 - Wolves : 0.
12:33 of 2nd period - Nate Thompson wins face-off versus Milan Bartovic in neutral zone.
12:58 of 2nd period - Geoff Paukovich is hit by Jordan Hendry and loses puck.
13:09 of 2nd period - Greg Mauldin is hit by Dan Fritsche and loses puck.
13:38 of 2nd period - Minor Penalty to Marc-André Gragnani for Hooking.
13:39 of 2nd period - Mike Zigomanis wins face-off versus Nate Thompson in Wolves zone.
13:50 of 2nd period - Snap shot by Nate Thompson.
13:50 of 2nd period - Goal by Nate Thompson - Tamiflu : 4 - Wolves : 0.
13:50 of 2nd period - Jamie Storr enters game.
13:51 of 2nd period - Nate Thompson wins face-off versus Mike Zigomanis in neutral zone.
14:16 of 2nd period - Jonathan Sigalet is hit by Bruno Gervais and loses puck.
14:57 of 2nd period - Wrist shot by Kevin Veilleux.
14:57 of 2nd period - Stopped by Mike McKenna with a rebound.
14:59 of 2nd period - Slapshot by Marc Methot.
14:59 of 2nd period - Stopped by Mike McKenna without a rebound.
15:00 of 2nd period - Kevin Veilleux wins face-off versus Nate Thompson in Tamiflu zone.
15:19 of 2nd period - Alex Picard is hit by Johan Ryno and loses puck.
15:44 of 2nd period - Snap shot by Alex Picard.
15:44 of 2nd period - Shot Blocked by Johan Ryno.
15:50 of 2nd period - Nate Thompson is hit by Johan Ryno and loses puck.
16:17 of 2nd period - Snap shot by Carl Klingberg.
16:17 of 2nd period - Shot Misses the Net.
16:19 of 2nd period - Snap shot by Johan Ryno.
16:19 of 2nd period - Stopped by Mike McKenna without a rebound.
16:20 of 2nd period - Greg Mauldin wins face-off versus Mike Zigomanis in Tamiflu zone.
16:20 of 2nd period - Greg Mauldin is hit by Mike Sislo.
16:23 of 2nd period - Minor Penalty to Petr Pohl for Hooking.
16:24 of 2nd period - Mike Zigomanis wins face-off versus Mattias Tedenby in Tamiflu zone.
16:30 of 2nd period - Wrist shot by Milan Bartovic.
16:30 of 2nd period - Stopped by Mike McKenna with a rebound.
16:32 of 2nd period - Snap shot by Mike Sislo.
16:32 of 2nd period - Shot Misses the Net.
16:34 of 2nd period - Slapshot by Bruno Gervais.
16:34 of 2nd period - Goal by Bruno Gervais - Tamiflu : 4 - Wolves : 1.
16:35 of 2nd period - Greg Mauldin wins face-off versus Mike Zigomanis in neutral zone.
16:39 of 2nd period - Off-side.
16:40 of 2nd period - Mike Zigomanis wins face-off versus Greg Mauldin in neutral zone.
16:50 of 2nd period - Icing by Bruno Gervais.
16:51 of 2nd period - Nate Thompson wins face-off versus Mike Zigomanis in Wolves zone.
17:12 of 2nd period - Snap shot by Mike Zigomanis.
17:12 of 2nd period - Deflect By Milan Bartovic.
17:12 of 2nd period - Shot Misses the Net.
17:12 of 2nd period - Puck is out of play.
17:13 of 2nd period - Greg Mauldin wins face-off versus Dan Fritsche in Tamiflu zone.
17:20 of 2nd period - Snap shot by Petr Pohl.
17:20 of 2nd period - Deflect By Greg Mauldin.
17:20 of 2nd period - Stopped by Jamie Storr without a rebound.
17:21 of 2nd period - Greg Mauldin wins face-off versus Dan Fritsche in Wolves zone.
17:22 of 2nd period - Slapshot by Rich Clune.
17:22 of 2nd period - Shot Blocked by Marc Methot.
17:24 of 2nd period - Slapshot by Kyle Lawson.
17:24 of 2nd period - Shot Misses the Net.
17:26 of 2nd period - Slapshot by Johan Fransson.
17:26 of 2nd period - Shot Blocked by Marc Methot.
17:28 of 2nd period - Snap shot by Kyle Lawson.
17:28 of 2nd period - Shot Misses the Net.
17:30 of 2nd period - Slapshot by Kyle Lawson.
17:30 of 2nd period - Stopped by Jamie Storr without a rebound.
17:31 of 2nd period - Mike Zigomanis wins face-off versus Nate Thompson in Wolves zone.
17:38 of 2nd period - Snap shot by Mike Zigomanis.
17:38 of 2nd period - Shot Blocked by Jordan Hendry.
18:17 of 2nd period - Wrist shot by Adam Henrique.
18:17 of 2nd period - Stopped by Jamie Storr without a rebound.
18:18 of 2nd period - Nathan Davis wins face-off versus Adam Henrique in Wolves zone.
18:29 of 2nd period - Snap shot by Jordan Hendry.
18:29 of 2nd period - Shot Blocked by Marc Methot.
18:33 of 2nd period - Wrist shot by Mike Duco.
18:33 of 2nd period - Stopped by Jamie Storr with a rebound.
18:43 of 2nd period - Alex Picard is hit by Mike Sislo.
Goals for this period are 3 for Tamiflu vs 1 for Wolves.
Shots for this period are 15 for Tamiflu vs 8 for Wolves.
3rd period
0:01 of 3rd period - Nate Thompson wins face-off versus Mike Zigomanis in neutral zone.
0:12 of 3rd period - Snap shot by Nate Thompson.
0:12 of 3rd period - Stopped by Jamie Storr with a rebound.
0:14 of 3rd period - Snap shot by Nate Thompson.
0:14 of 3rd period - Stopped by Jamie Storr with a rebound.
0:16 of 3rd period - Slapshot by Jonathan Sigalet.
0:16 of 3rd period - Shot Blocked by Dmitry Kulikov.
0:34 of 3rd period - Off-side.
0:35 of 3rd period - Dan Fritsche wins face-off versus Nate Thompson in neutral zone.
0:46 of 3rd period - Wrist shot by Alex Picard.
0:46 of 3rd period - Stopped by Jamie Storr without a rebound.
0:47 of 3rd period - Nate Thompson wins face-off versus Mike Zigomanis in Wolves zone.
0:58 of 3rd period - Snap shot by Nate Thompson.
0:58 of 3rd period - Deflect By Carson Mcmillan.
0:58 of 3rd period - Stopped by Jamie Storr with a rebound.
1:00 of 3rd period - Slapshot by Jonathan Sigalet.
1:00 of 3rd period - Stopped by Jamie Storr without a rebound.
1:01 of 3rd period - Mike Zigomanis wins face-off versus Greg Mauldin in Wolves zone.
1:28 of 3rd period - Slapshot by Adam Henrique.
1:28 of 3rd period - Deflect By Mike Duco.
1:28 of 3rd period - Stopped by Jamie Storr without a rebound.
1:29 of 3rd period - Adam Henrique wins face-off versus Dan Fritsche in Wolves zone.
1:30 of 3rd period - Slapshot by Mike Duco.
1:30 of 3rd period - Stopped by Jamie Storr with a rebound.
1:32 of 3rd period - Snap shot by Adam Henrique.
1:32 of 3rd period - Shot Misses the Net.
1:34 of 3rd period - Slapshot by Johan Fransson.
1:34 of 3rd period - Stopped by Jamie Storr with a rebound.
1:36 of 3rd period - Snap shot by Garrett Wilson.
1:36 of 3rd period - Deflect By Mike Duco.
1:36 of 3rd period - Shot Blocked by Marc Methot.
1:36 of 3rd period - Puck is out of play.
1:37 of 3rd period - Dan Fritsche wins face-off versus Nate Thompson in Wolves zone.
2:02 of 3rd period - Minor Penalty to Marc Methot for Hooking.
2:03 of 3rd period - Mike Zigomanis wins face-off versus Carson Mcmillan in Wolves zone.
3:28 of 3rd period - Jordan Hendry is hit by Bruno Gervais and loses puck.
4:02 of 3rd period - Penalty to Marc Methot is over, Marc Methot is back on ice.
4:07 of 3rd period - Snap shot by Marc Methot.
4:07 of 3rd period - Stopped by Mike McKenna without a rebound.
4:08 of 3rd period - Adam Henrique wins face-off versus Johan Ryno in Tamiflu zone.
4:19 of 3rd period - Snap shot by Mike Duco.
4:19 of 3rd period - Shot Misses the Net.
4:21 of 3rd period - Slapshot by Johan Fransson.
4:21 of 3rd period - Stopped by Jamie Storr with a rebound.
4:23 of 3rd period - Snap shot by Mike Duco.
4:23 of 3rd period - Shot Misses the Net.
4:48 of 3rd period - Icing by Dan Fritsche.
4:49 of 3rd period - Nathan Davis wins face-off versus Greg Mauldin in Wolves zone.
5:22 of 3rd period - Wrist shot by Mike Sislo.
5:22 of 3rd period - Deflect By Mike Zigomanis.
5:22 of 3rd period - Shot Blocked by Kyle Lawson.
5:22 of 3rd period - Puck is out of play.
5:23 of 3rd period - Greg Mauldin wins face-off versus Mike Zigomanis in Tamiflu zone.
6:02 of 3rd period - Slapshot by Greg Mauldin.
6:02 of 3rd period - Deflect By Petr Pohl.
6:02 of 3rd period - Stopped by Jamie Storr with a rebound.
6:04 of 3rd period - Snap shot by Petr Pohl.
6:04 of 3rd period - Shot Misses the Net.
6:06 of 3rd period - Wrist shot by Greg Mauldin.
6:06 of 3rd period - Deflect By Bruno Gervais.
6:06 of 3rd period - Shot Blocked by Marc-André Gragnani.
6:06 of 3rd period - Puck is out of play.
6:07 of 3rd period - Mike Zigomanis wins face-off versus Nate Thompson in Wolves zone.
6:12 of 3rd period - Snap shot by Nate Thompson.
6:12 of 3rd period - Shot Blocked by Marc Methot.
6:20 of 3rd period - Wrist shot by Nate Thompson.
6:20 of 3rd period - Stopped by Jamie Storr with a rebound.
6:22 of 3rd period - Snap shot by Alex Picard.
6:22 of 3rd period - Stopped by Jamie Storr with a rebound.
6:32 of 3rd period - Jordan Hendry is hit by Matt Gilroy and loses puck.
6:38 of 3rd period - Icing by Garrett Wilson.
6:39 of 3rd period - Adam Henrique wins face-off versus Dan Fritsche in Tamiflu zone.
6:39 of 3rd period - Adam Henrique is hit by Dan Fritsche.
6:46 of 3rd period - Jonathan Sigalet is hit by Tim Crowder and loses puck.
7:07 of 3rd period - Jonas Junland is hit by Jordan Hendry and loses puck.
7:31 of 3rd period - Minor Penalty to Petr Pohl for Hooking.
7:32 of 3rd period - Mike Zigomanis wins face-off versus Nate Thompson in Tamiflu zone.
9:31 of 3rd period - Penalty to Petr Pohl is over, Petr Pohl is back on ice.
9:44 of 3rd period - Wrist shot by Nathan Davis.
9:44 of 3rd period - Deflect By Chris Terry.
9:44 of 3rd period - Shot Misses the Net.
9:44 of 3rd period - Puck is out of play.
9:45 of 3rd period - Nathan Davis wins face-off versus Greg Mauldin in Tamiflu zone.
9:50 of 3rd period - Wrist shot by Nathan Davis.
9:50 of 3rd period - Goal by Nathan Davis - Tamiflu : 4 - Wolves : 2.
9:51 of 3rd period - Nate Thompson wins face-off versus Mike Zigomanis in neutral zone.
10:28 of 3rd period - Bruno Gervais is hit by Jonathan Sigalet and loses puck.
10:31 of 3rd period - Slapshot by Bruno Gervais.
10:31 of 3rd period - Stopped by Mike McKenna without a rebound.
10:32 of 3rd period - Dan Fritsche wins face-off versus Greg Mauldin in Tamiflu zone.
10:39 of 3rd period - Backhand shot by Tim Crowder.
10:39 of 3rd period - Stopped by Mike McKenna without a rebound.
10:40 of 3rd period - Greg Mauldin wins face-off versus Dan Fritsche in Tamiflu zone.
10:51 of 3rd period - Slapshot by Geoff Paukovich.
10:51 of 3rd period - Stopped by Mike McKenna with a rebound.
10:53 of 3rd period - Slapshot by Geoff Paukovich.
10:53 of 3rd period - Stopped by Mike McKenna with a rebound.
10:55 of 3rd period - Wrist shot by Geoff Paukovich.
10:55 of 3rd period - Shot Blocked by Kyle Lawson.
11:04 of 3rd period - Off-side.
11:05 of 3rd period - Mike Zigomanis wins face-off versus Alex Picard in neutral zone.
11:08 of 3rd period - Snap shot by Milan Bartovic.
11:08 of 3rd period - Shot Misses the Net.
11:10 of 3rd period - Slapshot by Bruno Gervais.
11:10 of 3rd period - Shot Blocked by Jordan Hendry.
11:16 of 3rd period - Snap shot by Mike Sislo.
11:16 of 3rd period - Stopped by Mike McKenna with a rebound.
11:41 of 3rd period - Slapshot by Bruno Gervais.
11:41 of 3rd period - Stopped by Mike McKenna without a rebound.
11:42 of 3rd period - Greg Mauldin wins face-off versus Mike Zigomanis in Tamiflu zone.
11:42 of 3rd period - Greg Mauldin is hit by Mike Zigomanis.
11:52 of 3rd period - Slapshot by Johan Fransson.
11:52 of 3rd period - Shot Blocked by Marc Methot.
12:10 of 3rd period - Wrist shot by Adam Henrique.
12:10 of 3rd period - Shot Misses the Net.
13:16 of 3rd period - Slapshot by Jonathan Sigalet.
13:16 of 3rd period - Goal by Jonathan Sigalet - Tamiflu : 5 - Wolves : 2.
13:17 of 3rd period - Nate Thompson wins face-off versus Mike Zigomanis in neutral zone.
13:30 of 3rd period - Nate Thompson is hit by Mike Sislo and loses puck.
15:39 of 3rd period - Wrist shot by Mike Zigomanis.
15:39 of 3rd period - Stopped by Mike McKenna without a rebound.
15:40 of 3rd period - Dan Fritsche wins face-off versus Adam Henrique in Tamiflu zone.
15:41 of 3rd period - Snap shot by Tim Crowder.
15:41 of 3rd period - Shot Misses the Net.
15:48 of 3rd period - Snap shot by Jonathan Sigalet.
15:48 of 3rd period - Shot Misses the Net.
15:50 of 3rd period - Wrist shot by Mike Duco.
15:50 of 3rd period - Goal by Mike Duco - Tamiflu : 6 - Wolves : 2.
15:51 of 3rd period - Nate Thompson wins face-off versus Mike Zigomanis in neutral zone.
16:23 of 3rd period - Snap shot by Greg Mauldin.
16:23 of 3rd period - Stopped by Jamie Storr with a rebound.
16:35 of 3rd period - Snap shot by Mike Duco.
16:35 of 3rd period - Shot Misses the Net.
16:37 of 3rd period - Slapshot by Adam Henrique.
16:37 of 3rd period - Stopped by Jamie Storr with a rebound.
16:39 of 3rd period - Wrist shot by Johan Fransson.
16:39 of 3rd period - Stopped by Jamie Storr without a rebound.
16:40 of 3rd period - Nathan Davis wins face-off versus Adam Henrique in Wolves zone.
16:45 of 3rd period - Slapshot by Jonathan Rheault.
16:45 of 3rd period - Deflect By Adam Henrique.
16:45 of 3rd period - Shot Misses the Net.
16:45 of 3rd period - Puck is out of play.
16:46 of 3rd period - Mike Zigomanis wins face-off versus Nate Thompson in Tamiflu zone.
17:06 of 3rd period - Icing by Mike Zigomanis.
17:07 of 3rd period - Mike Zigomanis wins face-off versus Greg Mauldin in Wolves zone.
17:07 of 3rd period - Mike Zigomanis is hit by Jordan Hendry.
17:43 of 3rd period - Slapshot by Dmitry Kulikov.
17:43 of 3rd period - Shot Blocked by Carson Mcmillan.
18:03 of 3rd period - Backhand shot by Adam Henrique.
18:03 of 3rd period - Stopped by Jamie Storr with a rebound.
18:26 of 3rd period - Snap shot by Nathan Davis.
18:26 of 3rd period - Stopped by Mike McKenna without a rebound.
18:27 of 3rd period - Nate Thompson wins face-off versus Nathan Davis in Tamiflu zone.
18:41 of 3rd period - Slapshot by Alex Picard.
18:41 of 3rd period - Deflect By Nate Thompson.
18:41 of 3rd period - Shot Misses the Net.
18:41 of 3rd period - Puck is out of play.
18:42 of 3rd period - Mike Zigomanis wins face-off versus Greg Mauldin in Wolves zone.
18:42 of 3rd period - Mike Zigomanis is hit by Rich Clune.
19:18 of 3rd period - Off-side.
19:19 of 3rd period - Nate Thompson wins face-off versus Dan Fritsche in neutral zone.
19:21 of 3rd period - Off-side.
19:22 of 3rd period - Dan Fritsche wins face-off versus Nate Thompson in neutral zone.
19:40 of 3rd period - Icing by Kyle Lawson.
19:41 of 3rd period - Mike Zigomanis wins face-off versus Nate Thompson in Tamiflu zone.
Goals for this period are 2 for Tamiflu vs 1 for Wolves.
Shots for this period are 18 for Tamiflu vs 10 for Wolves.
Output by the SimonT Hockey Simulator (STHS) for François Prévost -- Original Page W3C XHTML 1.0 Valid